Map: [ESL] Babylon

Players

Oliveira - Winner!

  • Race: Terran Terran

Cure

  • Race: Terran Terran

Event: IEM Katowice 2023

VOD

Have the link to the VOD?

Description

Time

  • Played on: Feb. 10, 2023, 8:19 a.m.
  • Length: 14:22

All games in this series

Show
View Real Time Build Order
Export as new Build Order

Oliveira Terran - Winner!

Build Orders:  

Get SALT Encoding   

  12  0:00  SCV  
  13  0:12  SCV  
  14  0:17  Supply Depot  
  14  0:24  SCV  
  15  0:38  SCV  
  15  0:40  Barracks  
  16  0:43  Refinery  
  16  0:50  SCV  
  16  0:53  Refinery  
  17  1:02  SCV  
  18  1:15  SCV  
  19  1:27  Orbital Command, Reaper  
  19  1:29  Supply Depot  
  20  1:40  Factory  
  20  1:53  SCV  
  21  1:59  Reaper  
  22  2:05  SCV  
  23  2:16  Command Center  
  23  2:18  SCV  
  24  2:25  Hellion  
  26  2:30  SCV  
  26  2:32  Supply Depot  
  26  2:34  Reaper  
  28  2:42  SCV  
  29  2:46  Factory Tech Lab  
  29  2:54  SCV  
  30  2:58  Starport  
  30  3:05  Cyclone  
  30  3:06  SCV  
  30  3:12  Barracks Reactor  
  34  3:14  Refinery  
  34  3:19  SCV  
  35  3:28  Orbital Command  
  35  3:31  SCV  
  36  3:43  SCV  
  36  3:44  Raven  
  36  3:45  Factory Tech Lab  
  39  3:48  Marine x2  
  39  3:54  SCV  
  39  3:55  SCV  
  43  4:03  Siege Tank  
  43  4:06  SCV, Supply Depot  
  43  4:07  Marine x2, SCV  
  50  4:18  SCV  
  50  4:19  SCV  
  50  4:20  Raven  
  54  4:26  Command Center  
  54  4:28  Marine  
  54  4:29  Marine  
  56  4:31  SCV  
  56  4:33  SCV  
  56  4:37  Supply Depot  
  56  4:42  Siege Tank  
  56  4:44  SCV  
  60  4:45  SCV  
  61  4:56  SCV  
  61  4:58  SCV, Refinery  
  61  4:59  Supply Depot  
  63  5:06  Viking  
  65  5:07  Liberator, Supply Depot  
  65  5:10  SCV  
  65  5:11  SCV  
  65  5:13  Stimpack  
  70  5:21  Marine  
  71  5:24  Siege Tank  
  71  5:25  SCV x2  
  76  5:37  SCV  
  76  5:38  Barracks  
  76  5:40  Barracks  
  76  5:41  Orbital Command  
  76  5:42  Marine  
  77  5:44  SCV  
  79  5:51  Viking  
  79  5:54  Viking  
  79  5:56  Orbital Command  
  83  5:57  Siege Tank  
  83  6:02  SCV x2  
  83  6:04  Marine  
  89  6:09  Engineering Bay  
  89  6:10  Engineering Bay  
  88  6:22  Barracks  
  88  6:24  Barracks  
  88  6:26  Viking x2  
  88  6:28  Barracks Reactor  
  88  6:29  Barracks Reactor  
  88  6:30  Marine  
  93  6:35  SCV, Supply Depot  
  94  6:45  Siege Tank  
  97  6:48  Marine  
  97  6:53  SCV x2  
  100  7:03  Viking x2  
  100  7:06  Marine  
  102  7:09  Marine x3  
  102  7:10  Terran Infantry Armor Level 1, Terran Infantry Weapons Level 1  
  102  7:11  Barracks Reactor  
  102  7:12  Barracks Reactor  
  105  7:16  Supply Depot  
  105  7:18  Marine, Combat Shield, Supply Depot  
  105  7:21  SCV x2  
  108  7:25  Missile Turret  
  108  7:26  Missile Turret  
  108  7:27  Missile Turret  
  108  7:30  Marine  
  108  7:32  Missile Turret  
  108  7:33  Marine  
  108  7:35  Marine, Missile Turret  
  109  7:37  Marine, Siege Tank, SCV  
  109  7:43  Marine  
  109  7:44  Supply Depot  
  115  7:47  Marine x2  
  115  7:49  Orbital Command  
  67  7:51  Medivac x2  
  117  7:54  Marine x2  
  117  7:57  Marine x2  
  125  8:00  Supply Depot  
  125  8:05  Marine  
  125  8:10  Marine  
  126  8:13  SCV x2  
  126  8:14  Siege Tank  
  126  8:16  SCV  
  132  8:22  Marine  
  132  8:23  Armory  
  132  8:25  Marine x4  
  137  8:28  SCV  
  136  8:40  Marine x2  
  133  8:42  SCV  
  133  8:46  SCV  
  135  8:50  Marine  
  135  8:52  Marine  
  135  8:55  Marine  
  133  9:00  Armory  
  133  9:06  Marine, Supply Depot  
  133  9:07  Supply Depot  
  133  9:08  Marine  
  133  9:09  Sensor Tower  
  133  9:10  SCV  
  133  9:22  Supply Depot  
  133  9:23  Supply Depot  
  133  9:27  Marine x3, Medivac x2, SCV  
  133  9:28  Marine x4, Siege Tank, SCV  
  133  9:31  SCV  
  150  9:34  Marine x2, Refinery x2, Supply Depot  
  150  9:37  Command Center  
  152  9:40  SCV  
  152  9:45  Marine x3  
  156  9:46  Marine  
  157  9:53  Marine  
  157  9:54  Marine  
  157  9:55  Marine  
  157  9:58  Marine  
  157  9:59  Marine  
  153  10:00  Siege Tank  
  128  10:10  Marine x2  
  118  10:21  Marine x3  
  102  10:24  Marine x2  
  57  11:45  Orbital Command x2  
  56  12:12  Marine x3  
  59  12:17  SCV  
  59  12:22  SCV  
  61  12:23  Supply Depot  
  61  12:24  Supply Depot, Refinery  
  61  12:27  Refinery  
  61  12:29  Marine  
  61  12:30  Marine x2  
  61  12:34  SCV  
  61  12:35  SCV  
  66  12:39  Orbital Command  
  66  12:46  Factory  
  66  12:47  Marine x2, SCV x2  
  66  12:48  Marine  
  73  12:59  SCV  
  73  13:05  Marine x3  
  74  13:06  Liberator  
  78  13:18  SCV x2  
  80  13:23  Marine x3  
  83  13:27  Supply Depot  
  83  13:41  Marine x3  
Show
View Real Time Build Order
Export as new Build Order

Cure Terran 

Build Orders: Reaper Expand 

Get SALT Encoding   

  12  0:00  SCV  
  13  0:12  SCV  
  14  0:17  Supply Depot  
  14  0:24  SCV  
  15  0:38  SCV  
  15  0:39  Barracks  
  16  0:43  Refinery  
  16  0:51  SCV  
  17  1:03  SCV  
  18  1:15  SCV  
  19  1:27  Orbital Command, Reaper  
  20  1:38  Command Center  
  20  1:47  Supply Depot  
  20  1:53  SCV  
  21  1:59  Marine  
  22  2:05  SCV  
  22  2:07  Factory  
  23  2:16  Marine, Bunker  
  23  2:17  SCV  
  25  2:23  Refinery  
  25  2:29  SCV  
  26  2:35  Barracks Reactor  
  26  2:40  Barracks  
  26  2:41  SCV  
  27  2:51  Hellion  
  29  2:53  Orbital Command  
  29  2:56  SCV  
  30  3:08  SCV  
  30  3:11  Marine x2  
  30  3:12  Factory Tech Lab  
  33  3:19  SCV  
  34  3:20  SCV  
  34  3:23  Supply Depot  
  35  3:27  Barracks Tech Lab  
  35  3:31  SCV, Cyclone  
  35  3:32  Marine x2, SCV  
  42  3:43  SCV  
  42  3:44  SCV  
  42  3:45  Stimpack  
  42  3:48  Marine  
  44  3:50  Marine x2, Supply Depot  
  44  3:55  SCV  
  48  3:56  SCV  
  48  3:59  Supply Depot  
  49  4:07  SCV, Starport  
  49  4:08  SCV  
  51  4:10  Marine x2  
  51  4:12  Marine, Factory Reactor  
  54  4:19  SCV, Supply Depot  
  54  4:20  SCV  
  56  4:28  Refinery  
  56  4:30  Marine x3  
  59  4:31  SCV  
  59  4:33  SCV  
  59  4:38  Engineering Bay  
  61  4:42  Supply Depot  
  61  4:43  SCV  
  61  4:45  SCV  
  63  4:50  Medivac x2  
  63  4:51  Marine x3  
  70  4:56  SCV  
  70  4:57  SCV, Supply Depot  
  72  5:02  Siege Tank  
  72  5:06  Terran Infantry Weapons Level 1  
  75  5:11  Marine x3  
  79  5:14  SCV x2  
  80  5:23  Supply Depot  
  80  5:35  Siege Tank  
  83  5:37  Command Center  
  83  5:38  Starport Reactor  
  83  5:41  Marine x3  
  86  5:45  SCV x2  
  86  5:48  Barracks  
  88  5:55  Supply Depot  
  88  5:56  Supply Depot  
  88  5:57  SCV x2  
  90  6:05  Marine x2  
  90  6:06  Marine  
  90  6:09  Barracks  
  90  6:10  Barracks, SCV x2  
  95  6:12  Siege Tank  
  95  6:17  Medivac  
  95  6:18  Medivac, Supply Depot  
  102  6:20  Supply Depot  
  102  6:23  SCV x2, Refinery  
  104  6:27  Combat Shield  
  104  6:28  Marine x3  
  107  6:35  SCV x2  
  109  6:44  Siege Tank  
  109  6:46  Marine  
  110  6:47  SCV  
  60  7:01  Viking  
  104  7:07  Marine  
  103  7:11  Barracks Reactor  
  103  7:12  SCV x2  
  103  7:15  Orbital Command  
  102  7:19  Barracks Reactor  
  102  7:24  Marine x2, SCV x2  
  102  7:25  Marine  
  102  7:27  Viking  
  109  7:36  SCV  
  109  7:37  SCV  
  111  7:39  Marine x2  
  111  7:41  Siege Tank  
  111  7:42  Marine x3  
  119  7:45  SCV  
  119  7:49  SCV x2  
  119  7:50  Terran Infantry Armor Level 1  
  122  7:54  Marine x2  
  122  7:57  Marine x2, SCV  
  127  8:00  Marine x2  
  127  8:01  Marine x3, SCV  
  133  8:06  SCV  
  133  8:09  SCV  
  133  8:11  Marine x2, Medivac  
  133  8:12  Engineering Bay, Armory  
  139  8:13  SCV  
  139  8:15  Marine, Missile Turret  
  140  8:21  Medivac  
  140  8:22  SCV x2  
  140  8:24  Marine x3  
  140  8:25  Marine, SCV  
  149  8:28  Supply Depot  
  149  8:29  Supply Depot  
  149  8:39  Siege Tank, Marine x4  
  149  8:46  Marine x4  
  145  8:50  SCV  
  145  8:51  SCV x2  
  145  8:53  Marine  
  145  8:54  Medivac x2  
  143  8:57  Marine x3  
  143  9:01  Marine  
  139  9:03  Marine x2  
  139  9:04  Marine  
  139  9:06  Terran Infantry Weapons Level 2  
  139  9:08  SCV x3, Refinery  
  139  9:09  Refinery  
  145  9:10  Marine  
  145  9:15  Marine x3  
  146  9:19  Marine  
  146  9:21  Marine x3, Siege Tank  
  144  9:26  Supply Depot  
  144  9:28  Marine, Supply Depot  
  144  9:30  Barracks Reactor  
  148  9:33  Marine x3  
  148  9:37  Factory  
  148  9:41  Marine x4  
  148  9:44  Medivac x2  
  156  9:46  Marine  
  156  9:47  Command Center  
  156  9:50  Marine x2  
  156  9:54  Siege Tank  
  152  10:06  Marine x8  
  145  10:13  Marine x2  
  98  10:23  Marine x2  
  98  10:24  Marine x2  
  96  10:31  Marine  
  96  10:32  Marine  
  55  11:08  Barracks  
  45  11:19  Barracks  
  45  11:20  Barracks  
  45  11:23  Orbital Command  
  44  11:54  SCV  
  44  11:58  Barracks Reactor  
  45  12:13  Marine x2  
  47  12:31  Marine x2  
  47  12:36  Marine x2  
  51  12:38  SCV  
  52  12:50  Marine x2  
  54  13:09  Marine x2  
  54  13:10  Marine  
  57  13:18  Marine  
  58  13:27  Marine  
  56  13:43  Marine x3  
  56  13:45  Marine  
  56  14:01  Marine  

Tags
 
Add a new tag
Caveats
  • Supply blocks, unpowered buildings, or Contaminate may cause inaccurate times.
  • Supply counts are checked every 10 seconds.